 Dungeon Crawl Stone Soup version 0.21.1-1-g345015fe64 (webtiles) character file.

239200 Lusmu the Unseen (level 18, -3/140 HPs)
             Began as a Vampire Assassin on Apr 16, 2018.
             Was a High Priest of Dithmenos.
             Succumbed to a nagaraja's poison arrow
             ... on level 3 of the Snake Pit on Apr 19, 2018.
             The game lasted 08:34:27 (90154 turns).

Lusmu the Unseen (Vampire Assassin)                Turns: 90154, Time: 08:34:28

Health: -3/140     AC: 21    Str: 20    XL:     18   Next: 58%
Magic:  20/25      EV: 23    Int: 16    God:    Dithmenos [*****.]
Gold:   2448       SH: 20    Dex: 22    Spells: 10/25 levels left

rFire    + . .     SeeInvis +   q - +5 dagger of Ciuthremi {pierce, Dex+4}
rCold    + . .     Gourm    .   T - +2 shield {AC+3}
rNeg     + + .     Faith    .   G - +7 leather armour "Woargh" {+Inv}
rPois    .         Spirit   .   U - +2 hat
rElec    .         Reflect  +   d - +0 cloak
rCorr    .         Harm     .   R - +2 pair of gloves {Str+3}
MR       +....                  Z - +0 pair of boots (curse)
Stlth    ++++++++++             I - +4 amulet of reflection
HPRegen  0.16/turn              H - +6 ring of strength
MPRegen  0.19/turn              o - ring of protection from fire

@: lethally poisoned (-3 -> -71), poison vulnerable, regenerating slowly,
wreathed by umbra, invisible
A: fangs 3, horns 1, see invisible, weak 1, unbreathing, MP-powered wands
}: 2/15 runes: decaying, serpentine
a: Bat Form, Shadow Step, Shadow Form, Renounce Religion


You were on level 3 of the Snake Pit.
You worshipped Dithmenos.
Dithmenos was extremely pleased with you.
You were thirsty.

You visited 7 branches of the dungeon, and saw 33 of its levels.
You also visited: Sewer, Ossuary and Ice Cave.

You collected 3681 gold pieces.
You spent 1233 gold pieces at shops.

Inventory:

Hand Weapons
 e - a +0 blowgun
 q - the +5 dagger of Ciuthremi (weapon) {pierce, Dex+4}
   (You found it on level 3 of the Lair of Beasts)

   It inflicts extra damage upon your enemies.
   It affects your dexterity (+4).
 s - a +3 hand crossbow
Missiles
 b - 97 poisoned needles
 c - 2 needles of frenzy
 j - 482 bolts
 A - 22 tomahawks
 B - 2 needles of confusion
 D - 125 arrows
 Q - 10 javelins (quivered)
 W - 3 tomahawks of dispersal
Armour
 d - a +0 cloak (worn)
 G - the +7 leather armour "Woargh" (worn) {+Inv}
   (You bought it in a shop on level 2 of the Orcish Mines)

   It lets you turn invisible.
 R - a +2 pair of gloves of strength (worn)
 T - a +2 shield of protection (worn)
 U - a +2 hat (worn)
 Z - a cursed +0 pair of boots (worn)
Jewellery
 l - the ring of Internal Strife {rN+ MP+9}
   (You found it in an ice cave)

   [ring of magical power]

   It protects you from negative energy.
   It affects your magic capacity (+9).
 o - a ring of protection from fire (right hand)
 z - the ring of Arrival {rPois rC++ Int+5 Dex-2}
   (You found it on level 13 of the Dungeon)

   [ring of poison resistance]

   It affects your intelligence (+5).
   It affects your dexterity (-2).
   It greatly protects you from cold.
   It protects you from poison.
 H - a +6 ring of strength (left hand)
 I - a +4 amulet of reflection (around neck)
Wands
 k - a wand of disintegration (8)
 m - a wand of acid (2)
 v - a wand of iceblast (13)
 L - a wand of paralysis (16)
 P - a wand of enslavement (5)
Scrolls
 h - a scroll of teleportation
 i - 6 scrolls of enchant armour
 p - 2 scrolls of amnesia
 u - 10 scrolls of remove curse
 y - 3 scrolls of torment
 E - a scroll of blinking
 J - a scroll of silence
 K - a scroll of magic mapping
 M - 6 scrolls of fog
 S - 4 scrolls of identify
Potions
 g - 8 potions of blood
 n - a potion of curing
 r - a potion of cancellation
 t - 6 potions of brilliance
 w - 2 potions of haste
 x - 2 potions of invisibility
 F - 3 potions of might
 N - a potion of magic
 O - 2 potions of agility
 X - 4 potions of flight
 Y - 3 potions of resistance
Books
 a - a book of Battle

   Spells                             Type                      Level
   a - Infusion                       Charms                       1
   b - Shroud of Golubria             Charms/Translocation         2
   c - Song of Slaying                Charms                       2
   d - Spectral Weapon                Hexes/Charms                 3
   e - Regeneration                   Charms/Necromancy            3
Miscellaneous
 f - a phantom mirror
 C - a fan of gales


   Skills:
 + Level 12.1 Fighting
 - Level 14.1 Short Blades
 * Level 2.7 Crossbows
 - Level 8.0 Throwing
 - Level 6.0 Armour
 - Level 12.0 Dodging
 - Level 15.0 Stealth
 * Level 13.3 Shields
 - Level 4.0 Spellcasting
 - Level 3.0 Conjurations
 - Level 6.0 Charms
 - Level 2.0 Summonings
 - Level 7.6 Necromancy
 - Level 6.0 Ice Magic
 - Level 9.6 Invocations
 - Level 7.0 Evocations


You had 10 spell levels left.
You knew the following spells:

 Your Spells              Type           Power        Failure   Level  Hunger
a - Throw Frost           Conj/Ice       ###...       5%          2    ##.....
b - Ozocubu's Armour      Chrm/Ice       ###.....     6%          3    ###....
c - Regeneration          Chrm/Necr      ####......   4%          3    ###....
d - Simulacrum            Ice/Necr       ####......   91%         6    #######
e - Summon Small Mammal   Summ           #...         11%         1    None


Dungeon Overview and Level Annotations

Branches:
Dungeon (15/15)            Temple (1/1) D:5            Lair (6/6) D:9
  Swamp (4/4) Lair:3        Snake (4/4) Lair:4        Slime (0/5) Lair:5
    Orc (2/2) D:10            Elf (0/3) Orc:2        Vaults (1/5) D:14
 Depths (0/5) D:15

Altars:
Ashenzari
Cheibriados
Dithmenos
Fedhas
Gozag
Hepliaklqana
Kikubaaqudgha
Nemelex Xobeh
Okawaru
Qazlal
Ru
Sif Muna
Trog
Uskayaw
Vehumet
Wu Jian
Xom
Yredelemnul
Zin
The Shining One
Jiyva

Shops:
D:6 !   D:8 [   D:12 %   Orc:2 *([?(   Snake:2 %

Annotations:
D:4 Menkaure
Swamp:1 thornH
Swamp:4 Lernaean hydra
Snake:3 1 transporter
Vaults:1 quik's ghost, adept DsAK


Innate Abilities, Weirdness & Mutations

You heal slowly.
You have razor-sharp teeth.
You have supernaturally acute eyesight. (SInv)
You can survive without breathing.
You have a pair of small horns on your head.
You are weak. (Str -2)
You expend magic power (3 MP) to strengthen your wands.


Message History

Throwing (i - inventory. (,) - cycle):
Q - 11 javelins (quivered)
Press: ? - help, Shift-Dir - straight line, f/p - nagaraja
Aim: a nagaraja, wielding a halberd of venom and wearing a robe (black smoke, severely wounded, fast, poisoned, catching its breath, umbra)
You throw a javelin. The javelin barely misses the nagaraja.
You feel very sick. The nagaraja spits poison at you.
The splash of poison hits you!
You are more poisoned.
* * * LOW HITPOINT WARNING * * *
The nagaraja hits you from afar with a halberd of venom!
* * * LOW HITPOINT WARNING * * *
You are more poisoned.
The nagaraja gestures at you while chanting.
The poison arrow hits you!
You are more poisoned.
* * * LOW HITPOINT WARNING * * *
Okay, then.
Okay, then.
You fade into invisibility!
You die...

# ##.......##..................#
# ##.......#....................
####......#............(.........
##..#....####....###............#
..###....###..[...##.......>...#.
.## ##.##.#.......##..........#.#
.### ####..%..###################
...### #.....##################
.....## #.....##@§N8..♣⌠♣..8.[⌠#
......# #.....##§§NN..$)$....$(#
......# #.....##§§#N##...##.#)N##
.....####...####.##..#8.8#..##.##
.....###..### #.))).#...#[....##
.....##....# ##..[.#8N8#....###
...........# #...#.#.N(#.#...##
...........## ##..#..N....#..###
###.........## #...##.....##...##


You could see 2 nagarajas.

Vanquished Creatures
  Kirke (Lair:4)
  A thorn hunter (Swamp:3)
  8 nagarajas
  2 vault wardens (Vaults:1)
  An ironheart preserver (D:14)
  Nessos (Orc:2)
  Azrael (D:14)
  A dire elephant (Lair:6)
  The ghost of Oravi the Black Belt, a journeyman MfTm of Qazlal (Lair:1)
  Snorg (Lair:6)
  4 ogre magi
  Josephine (D:9)
  A fire dragon (Lair:6)
  An ice dragon (IceCv)
  A yaktaur captain (Vaults:1)
  14 naga warriors
  17 hydras
  Fannar (D:11)
  A centaur warrior (D:15)
  A death knight (D:12)
  2 ghost crabs
  5 alligators
  21 two-headed ogres
  6 anacondas
  7 death yaks
  2 tengu warriors
  7 naga sharpshooters
  6 shock serpents
  Urug (Lair:4)
  The ghost of FreshCat the Covert, a journeyman FeBe of Trog (D:13)
  The ghost of BorisKarlOrff the Cleaver, a novice MiBe of Trog (D:8)
  4 salamander mystics
  A sea snake (Snake:2)
  13 naga ritualists
  2 unseen horrors
  8 swamp dragons
  3 shambling mangroves
  3 deep trolls
  An ironbrand convoker (Vaults:1)
  4 harpies (Vaults:1)
  A deep elf mage (D:13)
  A necromancer (D:14)
  A lindwurm (Lair:6)
  2 orc knights
  8 mana vipers
  6 cyclopes
  10 ugly things
  A wolf spider zombie (D:12)
  A manticore (D:15)
  An orc sorcerer (Orc:1)
  13 salamanders
  Joseph (D:10)
  14 elephants
  43 black mambas
  22 naga magi
  5 torpor snails
  2 ice statues (IceCv)
  4 guardian serpents
  4 molten gargoyles (D:11)
  An efreet (D:13)
  11 spiny frogs
  2 kobold demonologists (D:14)
  4 rime drakes
  8 komodo dragons
  A tengu conjurer (D:14)
  5 yaktaurs (Vaults:1)
  A jumping spider (shapeshifter) (D:14)
  9 tyrant leeches
  6 trolls
  9 polar bears (Lair:6)
  25 hornets
  6 bog bodies
  4 dream sheep (Lair:5)
  23 slime creatures
  A harpy skeleton (D:14)
  15 blink frogs
  A dream sheep (shapeshifter) (Vaults:1)
  4 raiju (Lair:6)
  14 hippogriffs
  A meliai zombie (D:12)
  7 spriggans
  5 wyverns
  A shadow (D:10)
  A vampire (D:15)
  3 wraiths (D:9)
  4 hogs
  46 yaks
  5 fire elementals (D:14)
  2 basilisks
  2 hungry ghosts
  37 nagas
  29 vampire mosquitoes
  20 swamp worms
  A soldier ant (D:15)
  3 insubstantial wisps (Swamp:1)
  A soldier ant (shapeshifter) (D:13)
  A two-headed ogre zombie (D:10)
  7 wargs
  4 acid dragons
  16 hell hounds
  4 water moccasins
  14 swamp drakes
  8 porcupines
  2 necrophages
  12 orc warriors
  2 sky beasts
  20 ice beasts
  11 black bears (Lair:6)
  3 eyes of draining
  26 wolves
  3 phantoms
  27 ogres
  15 centaurs
  3 boggarts (D:13)
  17 crocodiles
  An elf zombie (Ossuary)
  19 bullfrogs
  4 big kobolds (D:14)
  2 wyvern zombies
  12 killer bees
  2 scorpions
  A troll zombie (D:10)
  18 wights
  A howler monkey (D:12)
  4 electric eels
  9 crimson imps
  2 quasits
  2 jellies
  A lava snake (D:11)
  6 centaur zombies
  2 human zombies (Ossuary)
  Crazy Yiuf (D:3)
  6 centaur skeletons
  15 orc priests
  3 bullfrog skeletons
  Terence (D:3)
  3 iguanas
  13 worker ants
  13 orc wizards
  6 ogre zombies (D:10)
  3 big kobold zombies (Ossuary)
  A hound zombie (D:7)
  3 hound skeletons
  2 mummies (Ossuary)
  2 worker ant zombies
  7 gnolls
  12 adders
  A river rat (D:3)
  4 shadow imps
  2 oozes (D:1)
  2 adder skeletons
  3 adder zombies
  2 dart slugs
  4 leopard geckos
  51 orcs
  8 giant cockroaches
  12 goblins
  11 hobgoblins
  11 jackals
  14 kobolds
  2 quokkas
  6 ball pythons
  3 bats
  7 frilled lizards
  A goblin skeleton (D:10)
  4 goblin zombies
  2 hobgoblin skeletons (D:10)
  8 hobgoblin zombies
  A jackal skeleton (D:6)
  A jackal zombie (Ossuary)
  9 kobold zombies (Ossuary)
  3 leopard gecko skeletons
  An orc skeleton (D:10)
  26 orc zombies
  2 quokka skeletons (D:5)
  11 rats
  A rat zombie (Ossuary)
  A plant (Lair:4)
1202 creatures vanquished.

Vanquished Creatures (collateral kills)
  3 hydras
  A spiny frog (Lair:6)
  A swamp worm (Swamp:4)
  An ogre (Orc:1)
  A wolf (Lair:6)
7 creatures vanquished.

Vanquished Creatures (others)
  A yaktaur captain (Vaults:1)
  An ice dragon (IceCv)
  7 naga sharpshooters
  A naga ritualist (Snake:4)
  A centaur skeleton (D:11)
  6 yaktaurs (Vaults:1)
  A water elemental (D:14)
  2 nagas (Snake:4)
  A swamp worm (Swamp:3)
  A swamp drake (Swamp:4)
  2 electric eels (D:14)
  A crimson imp (D:15)
  A worker ant (D:11)
  4 bushes
  48 fungi
  63 plants
141 creatures vanquished.

Grand Total: 1350 creatures vanquished

Notes
Turn   | Place    | Note
-------+----------+-------------------------------------------
     0 | D:1      | Lusmu the Vampire Assassin began the quest for the Orb.
     0 | D:1      | Reached XP level 1. HP: 16/16 MP: 1/1
   256 | D:1      | Reached skill level 6 in Stealth
   379 | D:1      | Reached XP level 2. HP: 22/22 MP: 2/2
   826 | D:1      | Reached XP level 3. HP: 27/27 MP: 3/3
  1966 | D:3      | Reached skill level 7 in Stealth
  2029 | D:3      | Reached XP level 4. HP: 33/33 MP: 4/4
  2053 | D:3      | Noticed Terence
  2061 | D:3      | Killed Terence
  2217 | D:3      | Found a shadowy altar of Dithmenos.
  2245 | D:3      | Became a worshipper of Dithmenos the Shadowed
  2325 | D:3      | Found a glowing drain.
  2349 | Sewer    | Entered a sewer
  2530 | Sewer    | Noticed a crocodile
  2547 | Sewer    | Killed a crocodile
  2547 | Sewer    | Reached skill level 8 in Stealth
  2547 | Sewer    | Reached XP level 5. HP: 38/38 MP: 5/5
  2716 | D:3      | Found a runed door.
  2723 | D:3      | Noticed Crazy Yiuf
  2731 | D:3      | Killed Crazy Yiuf
  2784 | D:3      | Reached * piety under Dithmenos
  3082 | D:3      | Reached XP level 6. HP: 44/44 MP: 6/6
  3385 | D:4      | Reached skill level 5 in Short Blades
  3651 | D:4      | Reached skill level 9 in Stealth
  3811 | D:4      | Noticed Menkaure
  3877 | D:5      | Entered Level 5 of the Dungeon
  3919 | D:5      | Reached XP level 7. HP: 44/49 MP: 7/7
  4023 | D:5      | Found a basalt altar of Yredelemnul.
  4185 | D:5      | Found a sand-covered staircase.
  4217 | Ossuary  | Entered an ossuary
  4236 | Ossuary  | Reached ** piety under Dithmenos
  4542 | Ossuary  | Reached skill level 10 in Stealth
  4910 | D:5      | Found an ancient bone altar of Kikubaaqudgha.
  5095 | D:5      | Found a staircase to the Ecumenical Temple.
  5102 | Temple   | Entered the Ecumenical Temple
  5294 | D:5      | Reached XP level 8. HP: 55/55 MP: 8/8
  5320 | D:5      | Reached *** piety under Dithmenos
  5768 | D:6      | Found an ornate altar of the Wu Jian Council.
  6315 | D:6      | Found a sacrificial altar of Ru.
  6435 | D:6      | Found Bionwen's Distillery.
  6441 | D:6      | Bought a potion of heal wounds for 70 gold pieces
  6441 | D:6      | Bought 2 potions of degeneration for 28 gold pieces
  6441 | D:6      | Bought a potion of agility for 56 gold pieces
  6441 | D:6      | Bought a potion of curing for 42 gold pieces
  6663 | D:6      | You fall through a shaft!
  6713 | D:7      | Noticed a hippogriff
  6720 | D:7      | Killed a hippogriff
  6720 | D:7      | Reached skill level 1 in Shields
  6804 | D:7      | Noticed a hippogriff
  7209 | D:7      | Noticed a hornet
  7554 | D:6      | Killed a hippogriff
  7554 | D:6      | Reached skill level 5 in Throwing
  7867 | D:7      | Noticed a hornet
  7891 | D:7      | Killed a hornet
  7891 | D:7      | Reached XP level 9. HP: 61/61 MP: 9/9
  8183 | D:7      | Reached skill level 10 in Short Blades
  8689 | D:8      | Noticed a troll
  8689 | D:8      | Noticed BorisKarlOrff's ghost (novice MiBe)
  9563 | D:8      | Found Wunnogga's Antique Armour Shoppe.
  9572 | D:8      | Bought a pair of glowing gloves for 195 gold pieces
  9621 | D:8      | Reached skill level 11 in Stealth
 10004 | D:9      | Reached skill level 12 in Stealth
 10087 | D:9      | Noticed a troll
 10847 | D:9      | Found a snail-covered altar of Cheibriados.
 10870 | D:9      | Found a staircase to the Lair.
 11057 | D:9      | Found a shimmering altar of Xom.
 11058 | D:9      | Found a hazy altar of Hepliaklqana.
 11058 | D:9      | Noticed a tyrant leech
 11059 | D:9      | Noticed a spectral ugly thing
 11059 | D:9      | Noticed a tyrant leech
 11144 | D:9      | Got an ancient falchion
 11201 | D:9      | Identified the +4 falchion "Ruchoh" {slice, MR- Str+3} (You found it on level 9 of the Dungeon)
 11204 | Lair:1   | Entered Level 1 of the Lair of Beasts
 11291 | Lair:1   | Noticed a seven-headed hydra
 11314 | Lair:1   | Killed a seven-headed hydra
 11314 | Lair:1   | Reached XP level 10. HP: 71/71 MP: 10/10
 11323 | Lair:1   | Noticed Oravi's ghost (journeyman MfTm)
 11410 | Lair:1   | Reached **** piety under Dithmenos
 11618 | Lair:1   | Noticed an eight-headed hydra
 11623 | Lair:1   | Killed an eight-headed hydra
 11623 | Lair:1   | Reached skill level 13 in Stealth
 11732 | Lair:1   | Noticed a spiny frog
 11750 | Lair:1   | Reached skill level 5 in Dodging
 11898 | Lair:1   | Noticed an eight-headed hydra
 12155 | Lair:2   | Noticed a seven-headed hydra
 12157 | Lair:2   | Noticed a death yak
 12159 | Lair:2   | Noticed a death yak
 12234 | Lair:1   | Gained mutation: You are weak. (Str -2) [potion of mutation]
 12234 | Lair:1   | Gained mutation: You expend magic power (3 MP) to strengthen your wands. [potion of mutation]
 12234 | Lair:1   | Gained mutation: You have a pair of small horns on your head. [potion of mutation]
 12254 | Lair:1   | Killed a spiny frog
 12254 | Lair:1   | Reached skill level 14 in Stealth
 12309 | Lair:1   | Killed an eight-headed hydra
 12309 | Lair:1   | Reached skill level 5 in Fighting
 12331 | Lair:1   | Killed Oravi's ghost
 12331 | Lair:1   | Reached skill level 15 in Stealth
 12335 | Lair:1   | Reached XP level 11. HP: 68/80 MP: 11/11
 12576 | Lair:1   | Learned a level 3 spell: Ozocubu's Armour
 12755 | Lair:2   | Noticed a death yak
 13395 | Lair:2   | Noticed a death yak
 13837 | Lair:2   | You fall through a shaft for 2 floors!
 14009 | Lair:4   | Found a hide-covered altar of Uskayaw.
 14024 | Lair:4   | Noticed Urug
 14048 | Lair:4   | Found a staircase to the Snake Pit.
 14067 | Lair:4   | Noticed Kirke
 14560 | Lair:2   | Killed a death yak
 14816 | Lair:1   | Killed a death yak
 15322 | Lair:1   | Killed a death yak
 15502 | Lair:1   | Killed a death yak
 16073 | Lair:2   | Reached skill level 1 in Invocations
 16739 | Lair:3   | Reached skill level 1 in Evocations
 16768 | Lair:3   | Found a staircase to the Swamp.
 17935 | Lair:2   | Killed a seven-headed hydra
 18196 | Lair:3   | Reached XP level 12. HP: 65/92 MP: 13/13
 18513 | Lair:3   | Got an ichor-stained dagger
 18523 | Lair:3   | Identified the +5 dagger of Ciuthremi {pierce, Dex+4} (You found it on level 3 of the Lair of Beasts)
 20124 | Lair:4   | Reached skill level 1 in Charms
 21121 | Lair:5   | Found a viscous altar of Jiyva.
 21124 | Lair:5   | Found a staircase to the Slime Pits.
 21201 | Lair:5   | Reached skill level 1 in Ice Magic
 21837 | Lair:5   | Reached ***** piety under Dithmenos
 23691 | Lair:6   | Entered Level 6 of the Lair of Beasts
 23762 | Lair:6   | Noticed an eight-headed hydra
 23762 | Lair:6   | Noticed a six-headed hydra
 23810 | Lair:6   | Noticed a death yak
 23810 | Lair:6   | Noticed a death yak
 23822 | Lair:6   | Noticed a death yak
 23869 | Lair:5   | Killed a death yak
 24011 | Lair:6   | Noticed a four-headed hydra
 24169 | Lair:5   | Reached skill level 10 in Dodging
 24652 | Lair:5   | Killed a four-headed hydra
 24652 | Lair:5   | Reached skill level 5 in Charms
 25154 | Lair:5   | Reached XP level 13. HP: 68/98 MP: 15/15
 25656 | Lair:5   | Reached skill level 5 in Ice Magic
 27590 | Lair:6   | Reached skill level 1 in Spellcasting
 28375 | Lair:6   | Learned a level 1 spell: Summon Small Mammal
 30530 | Lair:6   | Paralysed by a hornet for 3 turns
 32409 | Lair:6   | Reached skill level 1 in Armour
 32697 | Lair:6   | Noticed Snorg
 33213 | Lair:5   | Learned a level 2 spell: Throw Frost
 34107 | Lair:6   | Found a runed door.
 34164 | Lair:6   | Reached skill level 1 in Conjurations
 34995 | Lair:6   | Reached XP level 14. HP: 92/106 MP: 16/20
 37937 | Lair:6   | Killed Snorg
 39388 | Lair:4   | Killed Urug
 39891 | Lair:4   | Killed Kirke
 41923 | D:10     | Entered Level 10 of the Dungeon
 41934 | D:10     | Noticed Josephine
 41976 | D:9      | Killed Josephine
 42521 | D:9      | Reached skill level 5 in Armour
 42647 | D:10     | Found the +18 shield of the Gong {rElec rN+ MR+ EV-5}
 42909 | D:10     | Found a basalt altar of Yredelemnul.
 43365 | D:10     | Noticed Joseph
 43382 | D:10     | Killed Joseph
 43382 | D:10     | Reached skill level 10 in Fighting
 43849 | D:10     | Reached ****** piety under Dithmenos
 44153 | D:10     | Found a staircase to the Orcish Mines.
 44730 | Orc:1    | Entered Level 1 of the Orcish Mines
 44789 | D:11     | Reached skill level 5 in Shields
 45014 | D:11     | Noticed Fannar
 45015 | D:11     | Killed Fannar
 45522 | D:11     | Reached skill level 1 in Summonings
 46693 | D:12     | Found Inoihuaguh's Food Shop.
 46755 | D:12     | Found a frozen archway.
 46781 | IceCv    | Entered an ice cave
 47139 | IceCv    | Reached XP level 15. HP: 104/114 MP: 18/21
 47547 | IceCv    | Got a scorched lead ring
 47560 | IceCv    | Identified the ring of Goditec {rPois SInv} (You found it in an ice cave)
 47569 | IceCv    | Got a brightly glowing silver ring
 47578 | IceCv    | Identified the ring of Internal Strife {rN+ MP+9} (You found it in an ice cave)
 49056 | D:13     | Noticed FreshCat's ghost (journeyman FeBe)
 49717 | Orc:2    | Entered Level 2 of the Orcish Mines
 49717 | Orc:2    | Found a staircase to the Elven Halls.
 49724 | Orc:2    | Found Rasain's Magic Scroll Shoppe.
 49724 | Orc:2    | Found Wiabumos's Antique Weapon Shop.
 50914 | Orc:1    | Reached skill level 5 in Invocations
 51137 | Orc:1    | Reached skill level 5 in Evocations
 52419 | Orc:2    | Found Gushrior's Weapon Boutique.
 52419 | Orc:2    | Found Touc's Antique Armour Shoppe.
 52522 | Orc:2    | Bought a scroll of fear for 52 gold pieces
 52582 | Orc:2    | Found Qiurch's Assorted Antiques.
 52669 | Orc:2    | Noticed Nessos
 53265 | Orc:2    | Bought a pitted leather armour for 238 gold pieces
 53280 | Orc:2    | Identified the +7 leather armour "Woargh" {+Inv} (You bought it in a shop on level 2 of the Orcish Mines)
 53289 | Orc:2    | Bought a scroll of fog for 30 gold pieces
 53289 | Orc:2    | Bought a scroll of fog for 30 gold pieces
 53358 | Orc:2    | Bought a scroll labeled XEWEG SOALU for 32 gold pieces
 53358 | Orc:2    | Bought an amethyst potion for 28 gold pieces
 53403 | Orc:2    | Killed Nessos
 53670 | Orc:2    | Bought a scroll of identify for 30 gold pieces
 53670 | Orc:2    | Bought a scroll of identify for 30 gold pieces
 53670 | Orc:2    | Bought a scroll of identify for 30 gold pieces
 53670 | Orc:2    | Bought a scroll of identify for 30 gold pieces
 54821 | D:13     | Got a transparent pewter ring
 54977 | D:13     | Identified the ring of Arrival {rPois rC++ Int+5 Dex-2} (You found it on level 13 of the Dungeon)
 55078 | D:8      | Bought a pair of boots for 117 gold pieces
 55078 | D:8      | Bought a shiny shield for 195 gold pieces
 55201 | D:8      | Killed BorisKarlOrff's ghost
 55639 | D:13     | Killed FreshCat's ghost
 57136 | D:15     | Entered Level 15 of the Dungeon
 57364 | D:15     | Reached XP level 16. HP: 117/122 MP: 18/22
 57374 | D:15     | Noticed Azrael
 58201 | Swamp:1  | Entered Level 1 of the Swamp
 59429 | Swamp:1  | Noticed a thorn hunter
 61148 | D:14     | Killed Azrael
 63017 | D:15     | Found a staircase to the Depths.
 63821 | D:14     | Found a gate to the Vaults.
 66720 | Swamp:3  | Paralysed by a hornet for 3 turns
 66726 | Swamp:3  | HP: 9/183 [poisoned by a hornet]
 66731 | Swamp:3  | HP: 4/122 [poisoned by a hornet]
 68338 | Swamp:4  | Entered Level 4 of the Swamp
 68450 | Swamp:4  | Noticed a thorn hunter
 68498 | Swamp:3  | Killed a thorn hunter
 69517 | Swamp:4  | Identified the Compendium of the Rocks and Cold
 70280 | Swamp:4  | Noticed the 27-headed Lernaean hydra
 70704 | Swamp:4  | Got a decaying rune of Zot
 71761 | Lair:1   | Learned a level 6 spell: Simulacrum
 71905 | Vaults:1 | Entered Level 1 of the Vaults
 71915 | Vaults:1 | Noticed quik's ghost (adept DsAK)
 72344 | Vaults:1 | Reached XP level 17. HP: 117/128 MP: 24/24
 72349 | Vaults:1 | Reached skill level 1 in Necromancy
 72809 | Vaults:1 | Reached skill level 10 in Shields
 75107 | Snake:1  | Entered Level 1 of the Snake Pit
 77161 | Snake:2  | Found Noanaon's Food Boutique.
 78434 | Snake:3  | Reached skill level 5 in Necromancy
 78515 | Snake:3  | Learned a level 3 spell: Regeneration
 78636 | Snake:3  | Found a transporter.
 78697 | Snake:3  | Found the cursed +13 scythe of Curses {drain, *Curse}
 80180 | Snake:4  | Entered Level 4 of the Snake Pit
 80466 | Snake:3  | Reached XP level 18. HP: 96/140 MP: 13/25
 81070 | Snake:3  | Found a radiant altar of Vehumet.
 88006 | Snake:4  | Reached skill level 1 in Crossbows
 89601 | Snake:4  | Got a serpentine rune of Zot
 90111 | Snake:3  | Found a transporter.
 90153 | Snake:3  | HP: 2/140 [nagaraja/poison arrow (21)]
 90154 | Snake:3  | Succumbed to a nagaraja's poison arrow

Skill      XL: |  1  2  3  4  5  6  7  8  9 10 11 12 13 14 15 16 17 18 |
---------------+-------------------------------------------------------+-----
Stealth        | 6 7 8 9 10 12 15 | 15.0
Short Blades   | 3 4 5 7 9 10 11 12 13 14 | 14.1
Throwing       | 2 3 5 6 8 |  8.0
Shields        | 2 4 5 6 9 11 13 | 13.3
Fighting       | 3 5 7 8 10 12 | 12.1
Dodging        | 4 6 9 10 11 12 | 12.0
Invocations    | 2 3 8 9 |  9.6
Evocations     | 2 3 5 7 |  7.0
Charms         | 5 6 |  6.0
Ice Magic      | 4 6 |  6.0
Spellcasting   | 4 |  4.0
Armour         | 2 5 6 |  6.0
Conjurations   | 1 3 |  3.0
Summonings     | 2 |  2.0
Necromancy     | 5 7 |  7.6
Crossbows      | 2 |  2.7

Action                   |  1- 3 |  4- 6 |  7- 9 | 10-12 | 13-15 | 16-18 || total
-------------------------+-------+-------+-------+-------+-------+-------++-------
Melee: Dagger            |   102 |   129 |   639 |   821 |  2346 |  2947 ||  6984
       Bite              |     8 |    14 |    80 |   131 |   392 |   554 ||  1179
       Falchion          |       |       |     1 |     8 |       |       ||     9
       Headbutt          |       |       |       |   202 |   661 |   926 ||  1789
       Unarmed           |       |       |       |     1 |     2 |       ||     3
 Fire: Blowgun           |       |     4 |     7 |    61 |   258 |   102 ||   432
       Hand crossbow     |       |       |       |       |       |    17 ||    17
Throw: Javelin           |       |       |       |     1 |    51 |   115 ||   167
       Tomahawk          |       |       |       |       |    51 |     6 ||    57
       Stone             |       |       |       |       |     4 |       ||     4
 Cast: Ozocubu's Armour  |       |       |       |     4 |    38 |    51 ||    93
       Throw Frost       |       |       |       |       |    55 |     7 ||    62
       Summon Small Mamm |       |       |       |       |     2 |       ||     2
       Regeneration      |       |       |       |       |       |    14 ||    14
Invok: Shadow Form       |       |       |       |       |       |     3 ||     3
 Abil: End Transformatio |       |     1 |     3 |    13 |    15 |     3 ||    35
       Bat Form          |       |     1 |     3 |    13 |    15 |       ||    32
Evoke: Wand              |       |       |    20 |     6 |    30 |    21 ||    77
       Fan of gales      |       |       |       |     1 |     2 |     3 ||     6
  Use: Scroll            |     7 |     1 |     4 |    15 |    24 |    17 ||    68
       Potion            |     1 |     4 |    27 |    48 |    89 |    78 ||   247
 Stab: Sleeping          |    21 |    17 |    33 |    21 |   115 |    69 ||   276
       Distracted        |       |     1 |     2 |     8 |    18 |    19 ||    48
       Paralysed         |       |       |     5 |       |     1 |     1 ||     7
       Betrayed ally     |       |       |       |       |     2 |     2 ||     4
       Confused          |       |       |       |       |     1 |       ||     1
Armor: Robe              |    24 |    21 |   100 |    62 |   195 |       ||   402
       Leather armour    |       |       |    13 |     4 |    40 |   428 ||   485
Dodge: Dodged            |    37 |    57 |   247 |   476 |  1227 |  1252 ||  3296
Block: Buckler           |     1 |    13 |    80 |   174 |   424 |       ||   692
       Shield            |       |       |       |       |    90 |  1768 ||  1858
       Reflection        |       |       |       |       |       |   179 ||   179
       Rpst.: Falchion   |       |       |       |     3 |       |       ||     3
